 Dungeon Crawl Stone Soup version 0.27.1-2-g3b301248ec (webtiles) character file.

Game seed: 4355912099633960697

405 nxtlvl the Cleaver (level 6, -1/56 HPs)
             Began as a Hill Orc Monk on Sept 25, 2021.
             Succumbed to a water moccasin's poison
             ... on level 5 of the Dungeon.
             The game lasted 00:13:12 (1304 turns).

nxtlvl the Cleaver (Hill Orc Monk)                  Turns: 1304, Time: 00:13:13

Health: -1/56      AC:  9    Str: 14    XL:     6   Next: 87%
Magic:  6/6        EV: 10    Int: 10    God:
Gold:   169        SH:  5    Dex: 15    Spells: 5/5 levels left

rFire    . . .     SeeInvis +   a - +0 hand axe
rCold    . . .     Faith    .   (no shield)
rNeg     . . .     Spirit   .   c - +3 scale mail
rPois    .         Reflect  +   (no helmet)
rElec    .         Harm     .   (no cloak)
rCorr    .         Rampage  .   (no gloves)
Will     .....                  (no boots)
Stlth    +.........             z - amulet of reflection
HPRegen  0.18/turn              m - ring of see invisible
MPRegen  0.10/turn              (no ring)

@: lethally poisoned (-1 -> -17)
A: no striking features
a: no special abilities


You were on level 5 of the Dungeon.
You visited 1 branch of the dungeon, and saw 5 of its levels.

You collected 169 gold pieces.

Inventory:

Hand Weapons
 a - a +0 hand axe (weapon)
Missiles
 b - 22 sling bullets
 f - 25 arrows
 l - 23 poisoned darts (quivered)
 o - 39 bolts
Armour
 c - a +3 scale mail (worn)
Jewellery
 m - a ring of see invisible (left hand)
 z - an amulet of reflection (around neck)
Wands
 h - a wand of digging (5)
Scrolls
 d - a scroll of enchant weapon {unknown}
 e - 2 scrolls of amnesia {unknown}
 g - a scroll of teleportation {unknown}
 k - a scroll of brand weapon {unknown}
 n - a scroll of immolation {unknown}
Potions
 j - a potion of brilliance


   Skills:
 + Level 5.1 Fighting
 * Level 9.0 Axes
 - Level 2.4 Dodging
 - Level 1.5 Stealth


You had 5 spell levels left.
You didn't know any spells.
Your spell library contained the following spells:

 Spells                   Type           Power      Damage    Failure   Level
 Summon Small Mammal      Summ           0%         N/A       86%         1
 Call Canine Familiar     Summ           0%         N/A       99%         3
 Summon Guardian Golem    Hex/Summ       0%         N/A       99%         3
 Orb of Destruction       Conj           0%         N/A       100%        7
 Spellforged Servitor     Conj/Summ      0%         N/A       100%        7


Dungeon Overview and Level Annotations

Branches:
Dungeon (5/15)
 Temple: D:4-7

Altars:


Message History

You block the adder's attack. x2
Okay, then.
You hit the water moccasin.
The water moccasin is moderately wounded.
The water moccasin bites you.
You are poisoned.
The water moccasin poisons you!
You hit the water moccasin but do no damage.
The water moccasin is moderately wounded.
You feel very sick. The water moccasin bites you.
You are more poisoned.
The water moccasin poisons you!
You hit the water moccasin.
The water moccasin is heavily wounded.
You feel very sick. You block the water moccasin's attack.
You feel better. The water moccasin bites you.
You are poisoned.
The water moccasin poisons you! The water moccasin bites you.
You are lethally poisoned!
The water moccasin poisons you!
You barely miss the water moccasin.
The water moccasin is heavily wounded.
You feel extremely sick. The water moccasin barely misses you.
You hit the water moccasin.
The water moccasin is heavily wounded.
* * * LOW HITPOINT WARNING * * *
You feel very sick. The water moccasin barely misses you.
You closely miss the water moccasin.
The water moccasin is heavily wounded.
* * * LOW HITPOINT WARNING * * *
You feel very sick. The water moccasin bites you!
* * * LOW HITPOINT WARNING * * *
You hit the water moccasin.
The water moccasin is severely wounded.
You die...

#.# #.........#
#.#####.........#
#...............###
#######.............
#.........###.
#.S.......#
#.#.#######
#.#.##### #S#ZSS@.#
#Z#####.#
#...........#
.......########
##..... #.....
#.#..$ ...#... .#
#.<.


You could see a water moccasin, an adder and a centaur skeleton.

Vanquished Creatures
  A water moccasin (D:5)
  A scorpion (D:4)
  A howler monkey (D:4)
  A hound (D:4)
  A bullfrog skeleton (D:5)
  2 orc wizards (D:3)
  A hound skeleton (D:5)
  2 adders (D:3)
  An ufetubus (D:5)
  A dart slug (D:1)
  3 orcs (D:3)
  5 ball pythons
  9 bats
  6 endoplasms
  A giant cockroach (D:2)
  3 goblins
  3 hobgoblins
  4 jackals (D:1)
  7 kobolds
  A quokka (D:4)
  3 frilled lizards
57 creatures vanquished.

Notes
Turn   | Place    | Note
-------+----------+-------------------------------------------
     0 | D:1      | nxtlvl the Hill Orc Monk began the quest for the Orb.
     0 | D:1      | Reached XP level 1. HP: 19/19 MP: 1/1
     6 | D:1      | Noticed a five-headed hydra
     6 | D:1      | Noticed a water moccasin
     6 | D:1      | Noticed a swamp worm
     7 | D:1      | Noticed a polar bear
   162 | D:1      | Reached XP level 2. HP: 10/26 MP: 2/2
   196 | D:1      | Reached skill level 5 in Axes
   302 | D:2      | Found a faded altar of an unknown god.
   468 | D:1      | Reached XP level 3. HP: 19/31 MP: 3/3
   662 | D:3      | Reached skill level 6 in Axes
   662 | D:3      | Reached XP level 4. HP: 19/39 MP: 4/4
   852 | D:3      | Reached skill level 7 in Axes
   899 | D:3      | Reached XP level 5. HP: 17/46 MP: 5/5
  1079 | D:4      | Reached skill level 8 in Axes
  1079 | D:4      | Reached XP level 6. HP: 34/53 MP: 6/6
  1162 | D:5      | Entered Level 5 of the Dungeon
  1193 | D:5      | Noticed a water moccasin
  1208 | D:5      | Killed a water moccasin
  1209 | D:5      | Reached skill level 5 in Fighting
  1209 | D:5      | Reached skill level 9 in Axes
  1286 | D:5      | Noticed a water moccasin
  1303 | D:5      | HP: 2/56 [water moccasin (8)]
  1304 | D:5      | Succumbed to a water moccasin's poison

Illustrated notes

Levels and vault maps discovered:
D:1:      onia_arrival_zoo_common, layout_rooms
D:2:      layout_basic, ebering_ecumenical_altar_sacrificial,
          guppyfry_early_lair_pool
D:3:      layout_rooms
D:4:      cheibrodos_barr_body, layout_cave_pods, minivault_4
D:5:      layout_basic, uniq_grinder

Skill      XL: |  1  2  3  4  5  6 |
---------------+-------------------+-----
Axes           | 5 6 7 8 9 |  9.0
Fighting       | 4 5 |  5.1
Dodging        | |  2.4
Stealth        | |  1.5

Action                   |  1- 3 |  4- 6 || total
-------------------------+-------+-------++-------
Melee: Hand axe          |   112 |   144 ||   256
Throw: Dart              |       |     7 ||     7
  Use: Potion            |     2 |     2 ||     4
       Scroll            |       |     3 ||     3
 Stab: Invisible         |       |     2 ||     2
Armor: Scale mail        |    55 |    48 ||   103
Dodge: Dodged            |    34 |    46 ||    80
Block: Other             |    14 |    36 ||    50
       Reflection        |     1 |       ||     1
